Unix NetHack Version 3.7.0-101 Work-in-progress - last build Mar 4 2024 02:26:32 (3c4ac04b664b9ee0831c739617f054b5b60dbfd1,branch:master). Game began 2024-03-20 20:16:21, ended 2024-03-20 21:06:19. laycre, lawful female dwarven Valkyrie ------- ------- |.....|-- |..|.>| |.$...+.| |.....| --|.....|-| |.--.--- |.[.....+.| --.|..`.---- |.|.....|-| --..|.......| |v|.....+.| |...|---..`.| |.|.....|-- |...|..|....| |.|------ |...|)......| |.| --......|....-- |.| |....|..|....[| |.| |`...|--|`....| |.| |...-- --.|..| |.| ----- |.---- |.-------------------..| |........%.............| ------------------------ Laycre the Fighter St:18 Dx:15 Co:18 In:11 Wi:9 Ch:7 Lawful Dlvl:4 $:3078 HP:0(68) Pw:4(9) AC:-5 Xp:8/2214 T:8234 Blind Latest messages: You stop searching. The mountain nymph swings wildly and misses! You hit the mountain nymph! The mountain nymph swings wildly and misses! You hit the mountain nymph! The mountain nymph stole an uncursed blindfold. A mysterious force prevents the mountain nymph from teleporting! You kill the mountain nymph! K - a purple-red potion. t - an uncursed blindfold. C - a looking glass. You are in full health. You climb up the stairs. The dwarf mummy misses! You hit the dwarf mummy! You hit the dwarf mummy! The dwarf mummy hits! You hit the dwarf mummy! The dwarf mummy hits! You destroy the dwarf mummy! $ - 3078 gold pieces. You see here a mummy wrapping. You see here a leocrotta corpse. You miss the yellow light. You hit the yellow light! The yellow light explodes! You are blinded by a blast of light! The invisible wraith touches you! You hit the invisible wraith. The invisible wraith touches you! You hit the invisible wraith. You destroy the invisible wraith! Wait! There's something there you can't see! It misses! It misses! You hit it. You are jolted with electricity! It misses! It misses! It engulfs you! You feel your magical energy drain away. You hit the energy vortex. You are jolted with electricity! You feel your magical energy drain away. You hit the energy vortex. You are jolted with electricity! You die... Do you want your possessions identified? [ynq] (y) y Do you want to see your attributes? [ynq] (y) y Do you want an account of creatures vanquished? [ynaq] (y) q Inventory: Coins ('$') $ - 3078 gold pieces Weapons (')') I - an uncursed +0 dagger a - a blessed thoroughly rusty corroded +1 dwarvish spear (weapon in right hand) R - an uncursed +0 elven dagger S - an uncursed +0 elven spear T - an uncursed +1 orcish dagger g - 2 uncursed +0 orcish daggers Armor ('[') s - an uncursed thoroughly rusty +4 orcish helm (being worn) X - a blessed +0 pair of leather gloves (being worn) J - an uncursed thoroughly rusty +0 pair of iron shoes (being worn) c - an uncursed +3 small shield (being worn) P - an uncursed +0 cloak of invisibility (being worn) i - an uncursed +0 elven mithril-coat (being worn) Comestibles ('%') r - an uncursed cream pie Y - 3 uncursed food rations d - 3 uncursed fortune cookies k - 5 uncursed tripe rations F - 2 uncursed eggs o - an uncursed lizard corpse Scrolls ('?') D - 2 uncursed scrolls of create monster B - a cursed scroll of create monster e - a blessed scroll of earth m - an uncursed scroll of earth y - a cursed scroll of enchant armor l - 2 uncursed scrolls of enchant weapon V - an uncursed scroll of genocide h - a blessed scroll of identify L - an uncursed scroll of identify O - a blessed scroll of magic mapping A - an uncursed scroll of magic mapping v - an uncursed scroll of remove curse Z - an uncursed scroll of teleportation Potions ('!') K - an uncursed potion of object detection Wands ('/') b - an uncursed wand of polymorph (0:3) w - an uncursed wand of secret door detection (0:13) f - an uncursed wand of sleep (0:2) Tools ('(') t - an uncursed blindfold C - an uncursed mirror p - an uncursed +0 pick-axe (alternate weapon; not wielded) Gems/Stones ('*') U - an uncursed citrine stone H - an uncursed emerald W - an uncursed garnet stone Q - an uncursed worthless piece of black glass n - an uncursed worthless piece of blue glass G - an uncursed worthless piece of green glass E - 2 uncursed worthless pieces of orange glass M - a cursed worthless piece of red glass z - an uncursed worthless piece of violet glass N - an uncursed worthless piece of violet glass j - a cursed worthless piece of violet glass u - 3 uncursed worthless pieces of white glass x - an uncursed worthless piece of yellow glass q - an uncursed touchstone Laycre the Valkyrie's attributes: Background: You were a Fighter, a level 8 dwarven Valkyrie. You were lawful, on a mission for Tyr who was opposed by Odin (neutral) and Loki (chaotic). You were right-handed. You were in Sokoban, on level 4. You entered the dungeon 8234 turns ago. You had 2214 experience points, 346 more were needed to attain level 9. Basics: You had 0 out of 68 hit points. You had 4 out of 9 energy points (spell power). Your armor class was -5. Your wallet contained 3078 zorkmids. Autopickup was on for '$=/!?"' plus thrown, with exceptions. Final Characteristics: Your strength was 18 (limit:18/100). Your dexterity was 15 (limit:20). Your constitution was 18 (limit:20). Your intelligence was 11 (limit:16). Your wisdom was 9 (limit:16). Your charisma was 7 (limit:16). Final Status: You were temporarily blind. You were engulfed by the energy vortex. You weren't hungry. You were unencumbered. You were wielding a spear. You had expert skill with spear. Final Attributes: You were piously aligned. You were cold resistant. You were telepathic. You had infravision. You were invisible. You were stealthy. You were guarded. You were fast. You are dead. Miscellaneous: You never encountered a bones level. Total elapsed playing time was 49 minutes and 58 seconds. Major events: Turn 1: laycre the lawful dwarven Valkyrie entered the dungeon 428: entered the Gnomish Mines 712: attained the rank of Skirmisher (level 3) 3679: reached Mine Town 4542: attained the rank of Fighter (level 6) 5917: entered Sokoban 6290: completed 1st Sokoban level 6746: completed 2nd Sokoban level 7066: completed 3rd Sokoban level 7926: completed 4th Sokoban level 8234: killed by an energy vortex Vanquished creatures: a giant mimic a giant zombie a winter wolf a freezing sphere a large cat a tiger a leocrotta 2 mountain centaurs an elf mummy a wraith a leather golem a quivering blob a winter wolf cub a scorpion a vampire bat an orc mummy a dwarf mummy a rust monster an owlbear a gold golem 4 Green-elves a lizard a dingo a housecat a dust vortex 2 ravens 2 snakes a rope golem a bugbear an imp a mountain nymph a rock mole a pony a fog cloud 3 yellow lights a gnome leader a kobold mummy a ghoul 3 giant ants a little dog 3 floating eyes a kitten 2 dwarves a kobold leader a kobold shaman 4 hill orcs 2 rothes a rabid rat a giant bat a monkey 5 orc zombies 2 dwarf zombies a wererat 2 iguanas a gas spore a hobbit a manes a large kobold 2 hobgoblins 4 giant rats a cave spider 2 green molds 2 gnomes 2 garter snakes 2 gnome zombies a gecko 4 jackals 2 foxes a kobold 7 goblins a sewer rat 7 grid bugs 2 bats 11 lichens 3 kobold zombies 11 newts 146 creatures vanquished. No species were genocided or became extinct. Voluntary challenges: You read items or engraved 5 times. You never engraved Elbereth. You never genocided any monsters. You never polymorphed an object. You never changed form. You used no wishes. You violated the special Sokoban rules once. Achievements: You entered the Gnomish Mines. You attained the rank of Skirmisher. You entered Minetown. You attained the rank of Fighter. You entered Sokoban. The Dungeons of Doom: levels 1 to 8 Level 1: Level 2: Stairs down to The Gnomish Mines. Level 3: "closet" An altar to Tyr. Level 4: "vault, stash >" An altar. Level 5: "vault" Level 6: Level 7: Level 8: "stash ( at < sokoban" Stairs up to Sokoban, level 7. The Gnomish Mines: levels 3 to 7 Level 3: Level 4: Level 5: Level 6: An altar, a fountain. Level 7: Sokoban: levels 7 up to 4 Level 4: <- You were here. Solved. Final resting place for you, killed by an energy vortex. Level 5: Solved. Level 6: Solved. Level 7: Solved. Game over: ---------- / \ / REST \ / IN \ / PEACE \ / \ | laycre | | 3078 Au | | killed by an | | energy vortex | | | | | | 2024 | *| * * * | * _________)/\\_//(\/(/\)/\//\/|_)_______ Farvel laycre the Valkyrie... You died in Sokoban on dungeon level 4 with 11987 points, and 3078 pieces of gold, after 8234 moves. You were level 8 with a maximum of 68 hit points when you died.